Workbook

Sheet Formulaire entreprise
A1: Exploitation: | E1: Documents de contrôle à préparer
A2: Date:
B4: Charte d'engagement général signée | E4: Charte signée
A6: =IF(COUNTIF(DBase!$B$5:$I$10,'Formulaire entreprise'!C8)>0,"✅","☐") -> ☐ | B6: SOCIAL
B8: Autre certification avec exigences sur le pilier SOCIAL (permet d'être exempté des mesures du cahier des charges Vin Suisse Durable sur ce pilier): | D8: Cliquez sur la cellule pour afficher les certifications reconnues ou proposez-en une qui devra être validée par le comité et les commissions techniques VITISWISS | E8: Preuve de la certification
B10: BASE 1 | C10: ='Détails mesures_2026-03'!C3 -> Sensibiliser et informer tout nouvel employé permanent sur la gestion raisonnée des énergies, la manipulation sécurisée des produits chimiques, la protection des eaux, les risques liés à l'utilisation des machines. | E10: ='Détails mesures_2026-03'!F3 -> Document modèle complété ou autre justificatif
B12: BASE 2 | C12: ='Détails mesures_2026-03'!C4 -> Participer à un événement de formation continue par an (comptabilisé par demi-journée). | E12: ='Détails mesures_2026-03'!F4 -> Attestation de suivi
B14: Choix 1 | D14: Cliquez sur la cellule pour afficher les mesures à choix | E14: =IF(ISBLANK($C14)," ",VLOOKUP($C14,'Détails mesures_2026-03'!$C$1:$F$57,4,FALSE))
A16: OU | B16: Mesure à choix libre: | D16: Initiative de l'entreprise ou inspiration dans le catalogue de mesures Vin Suisse Durable | E16: =IF(ISBLANK($C16)," ","Justificatif")
A20: =IF(COUNTIF(DBase!$B$5:$I$10,'Formulaire entreprise'!C22)>0,"✅","☐") -> ☐ | B20: ECONOMIE
B22: Autre certification avec exigences sur le pilier ECONOMIE (permet d'être exempté des mesures du cahier des charges Vin Suisse Durable sur ce pilier): | D22: Cliquez sur la cellule pour afficher les certifications reconnues ou proposez-en une qui devra être validée par le comité et les commissions techniques VITISWISS | E22: Preuve de la certification
B24: BASE 1 | C24: ='Détails mesures_2026-03'!C12 -> Réaliser une analyse stratégique de l'entreprise type SWOT (identification des forces, faiblesses, opportunités et menaces de l'entreprise). | E24: ='Détails mesures_2026-03'!F12 -> Document modèle complété ou autre justificatif
B26: BASE 2 | C26: ='Détails mesures_2026-03'!C13 -> Calculer ses coûts de production et identifier des pistes d'amélioration. | E26: ='Détails mesures_2026-03'!F13 -> Preuve du calcul
B28: Choix 1 | D28: Cliquez sur la cellule pour afficher les mesures à choix | E28: =IF(ISBLANK($C28)," ",VLOOKUP($C28,'Détails mesures_2026-03'!$C$1:$F$57,4,FALSE))
A30: OU | B30: Mesure à choix libre: | D30: Initiative de l'entreprise ou inspiration dans le catalogue de mesures Vin Suisse Durable | E30: =IF(ISBLANK($C30)," ","Justificatif")
A32: =IF(COUNTIF(DBase!$B$5:$I$10,'Formulaire entreprise'!C36)>0,"✅","☐") -> ☐ | B32: ENVIRONNEMENT
B34: NON-CONCERNÉ(E) | C34: Pas de production de raisin dans l'entreprise
B36: Autre certification avec exigences sur le pilier ENVIRONNEMENT (permet d'être exempté des mesures du cahier des charges Vin Suisse Durable sur ce pilier): | D36: Cliquez sur la cellule pour afficher les certifications reconnues ou proposez-en une qui devra être validée par le comité et les commissions techniques VITISWISS | E36: Preuve de la certification
B38: BASE 1 | C38: ='Détails mesures_2026-03'!C21 -> Utiliser uniquement des fongicides neutres pour les typhlodromes (exception: soufre poudre en curatif) | E38: ='Détails mesures_2026-03'!F21 -> Journal d'exploitation
B40: BASE 2 | C40: ='Détails mesures_2026-03'!C22 -> Mettre en place un Témoin Non Traité sur au moins 15 souches. Cette zone doit être en place toute la saison. | E40: Contrôle visuel
B42: BASE 3 | C42: ='Détails mesures_2026-03'!C23 -> Être en mesure de présenter un document avec identification des zones "sensibles" de son vignoble : biotopes, forêts, eaux de surface, zones résidentielles, ... | E42: ='Détails mesures_2026-03'!F23 -> Cartographie, dessin ou liste de parcelles avec zones à risque identifiées
B44: BASE 4 | C44: ='Détails mesures_2026-03'!C24 -> Respecter 7% de Surfaces de Promotion de la Biodiversité sur la SAU viticole, hors pépinières. | E44: ='Détails mesures_2026-03'!F24 -> Liste des parcelles et catégorie
B46: BASE 5 | C46: ='Détails mesures_2026-03'!C25 -> N’appliquer aucun herbicide avec des appareils entrainant des risques de dérive (guns, atomiseurs). Aucun herbicide n'est appliqué sur les tournières excepté en traitement plante par plante contre les néophytes envahissantes. | E46: Contrôle visuel
B48: BASE 6 | C48: ='Détails mesures_2026-03'!C26 -> Réaliser un calcul d'émissions de carbone. Périodicité : 8 ans. | E48: ='Détails mesures_2026-03'!F26 -> Preuve du calcul
B50: Choix 1 | D50: Cliquez sur la cellule pour afficher les mesures à choix | E50: =IF(ISBLANK($C50)," ",VLOOKUP($C50,'Détails mesures_2026-03'!$C$1:$F$57,4,FALSE))
B52: Choix 2 | D52: Cliquez sur la cellule pour afficher les mesures à choix | E52: =IF(ISBLANK($C52)," ",VLOOKUP($C52,'Détails mesures_2026-03'!$C$1:$F$57,4,FALSE))
B54: Choix 3 | D54: Cliquez sur la cellule pour afficher les mesures à choix | E54: =IF(ISBLANK($C54)," ",VLOOKUP($C54,'Détails mesures_2026-03'!$C$1:$F$57,4,FALSE))
A56: OU | B56: Mesure à choix libre: | D56: Initiative de l'entreprise ou inspiration dans le catalogue de mesures Vin Suisse Durable | E56: =IF(ISBLANK($C56)," ","Justificatif")
A60: =IF(COUNTIF(DBase!$B$5:$I$10,'Formulaire entreprise'!C64)>0,"✅","☐") -> ☐ | B60: ŒNOLOGIE
B62: NON-CONCERNÉ(E) | C62: Pas d'activité de vinification dans l'entreprise
B64: Autre certification avec exigences de durabilité sur le pilier OENOLOGIE (permet d'être exempté des mesures du cahier des charges Vin Suisse Durable sur ce pilier): | D64: Cliquez sur la cellule pour afficher les certifications reconnues ou proposez-en une qui devra être validée par le comité et les commissions techniques VITISWISS | E64: Preuve de la certification
B66: BASE 1 | C66: ='Détails mesures_2026-03'!C42 -> Pour utiliser la mention "Vin Suisse Durable", au minimum 85% des raisins sont issus d’entreprises inscrites dans la démarche Vin Suisse Durable. Les 15% restants peuvent être issus d’exploitations respectant a minima les Prestations Ecologiques Requises. 100% des raisins doivent être d'origine suisse (ne concerne pas les intrants). | E66: ='Détails mesures_2026-03'!F42 -> Traçabilité cave CSCV
B68: BASE 2 | C68: ='Détails mesures_2026-03'!C43 -> Compléter la fiche pratique R0 "autodiagnostic pour les entreprises vinicoles" du Guide des Bonnes Pratiques d'Elaboration du Vin (USOE) basée sur la méthode HACCP (Hazard Analysis Critical Control Point)) ou appliquer une démarche HACCP équivalente reprenant au moins les points de la fiche R0. | E68: ='Détails mesures_2026-03'!F43 -> Fiche R0 ou démarche HACCP équivalente
B70: BASE 3 | C70: ='Détails mesures_2026-03'!C44 -> Utiliser des bouteilles de 600 g maximum pour 75 cl ou du verre circulant. Des exceptions peuvent être tolérées pour des formats spécifiques utilisés à l'échelle régionale ou les effervescents. | E70: ='Détails mesures_2026-03'!F44 -> Spécification bouteilles avec VSD
B72: BASE 4 | C72: ='Détails mesures_2026-03'!C45 -> N’utiliser aucun produit à base de chlore pour le nettoyage. NB : exception possible pour les procédés ou machines nécessitant impérativement ce produit (à justifier). | E72: ='Détails mesures_2026-03'!F45 -> Discussion, local de stockage et/ou plan de nettoyage
B74: BASE 5 | C74: ='Détails mesures_2026-03'!C46 -> Identifier, via une analyse de risque, les zones pouvant retenir le CO2 (document, liste ou plan) et équiper toutes les zones à risque de moyens techniques diminuant fortement ce risque. | E74: ='Détails mesures_2026-03'!F46 -> Analyse de risque et visite
B76: Choix 1 | D76: Cliquez sur la cellule pour afficher les mesures à choix | E76: =IF(ISBLANK($C76)," ",VLOOKUP($C76,'Détails mesures_2026-03'!$C$1:$F$57,4,FALSE))
B78: Choix 2 | D78: Cliquez sur la cellule pour afficher les mesures à choix | E78: =IF(ISBLANK($C78)," ",VLOOKUP($C78,'Détails mesures_2026-03'!$C$1:$F$57,4,FALSE))
A80: OU | B80: Mesure à choix libre: | D80: Initiative de l'entreprise ou inspiration dans le catalogue de mesures Vin Suisse Durable | E80: =IF(ISBLANK($C80)," ","Justificatif")

Sheet Détails mesures_2026-03
B1: Catégorie | C1: Description | D1: Précisions, exemples et documents ressources | E1: Moyen de contrôle (Visuel; Documentaire; Entretien oral) | F1: Documents à préparer pour l'entreprise controlée | G1: Mesures choisies
A2: SOCIAL | G2: SOC.
B3: Base | C3: Sensibiliser et informer tout nouvel employé permanent sur la gestion raisonnée des énergies, la manipulation sécurisée des produits chimiques, la protection des eaux, les risques liés à l'utilisation des machines. | D3: Modèle de document disponible. Pour les moyennes à grande structure, fournir une preuve que le sujet a été abordé. Par exemple: sujet d'une séance avec suivi des présences. | E3: D | F3: Document modèle complété ou autre justificatif | G3: SOC.
B4: Base | C4: Participer à un événement de formation continue par an (comptabilisé par demi-journée). | D4: Période: du 1er septembre N-1 au 31 août N (N étant l'année de contrôle) Exemple d'événement de formation comptabilisé: séance d'information des associations régionales, démonstration, cours sur inscription, voyage d'étude, AG, séance de groupe d'intérêt, cours de renouvellement du permis de traiter | E4: D | F4: Attestation de suivi | G4: SOC.
B5: Choix | C5: Proposer un questionnaire annuel d'évaluation du bien-être des salariés et identifier des pistes d'amélioration. | D5: Modèle disponible | E5: D | F5: Document modèle complété ou autre justificatif
B6: Choix | C6: Proposer des salaires supérieurs de 5% par rapport aux références de salaires indicatifs publiés annuellement par l'USP+USPF+ABLA (pour le personnel fixe). | D6: https://www.agrimpuls.ch/fr/salaires-indicatifs-2026 | E6: D | F6: Preuve
B7: Choix | C7: Avoir fait participer ses ouvriers permanents/collaborateurs à un événement de formation continue (ou soi-même, en plus du premier événement obligatoire). | E7: D | F7: Attestation de suivi
B8: Choix | C8: Accueillir un apprenti ou un stagiaire sur l'exploitation. | E8: V + E
B9: Choix | C9: Pour les exploitations avec activité viticole : n'utiliser aucun produit de classe 3 (protection de l'utilisateur) dans le programme de traitement (sauf soufre poudre et mycosin). | D9: Voir colonne "PU" de l'index phytosanitaire Agroscope ou Web-App des bonnes pratiques agricoles | E9: D | F9: Programme de traitement
A11: ECONOMIE | G11: ECO.
B12: Base | C12: Réaliser une analyse stratégique de l'entreprise type SWOT (identification des forces, faiblesses, opportunités et menaces de l'entreprise). | D12: Modèle de document disponible (validité 4 ans) | E12: D | F12: Document modèle complété ou autre justificatif | G12: ECO.
B13: Base | C13: Calculer ses coûts de production et identifier des pistes d'amélioration. | D13: Méthodologie simple et liste d'outils à disposition (ex. logiciel Winbiz/ reseau-lution /...) | E13: D | F13: Preuve du calcul | G13: ECO.
B14: Choix | C14: Avoir calculé les flux de trésorerie sur les 3 dernières années. | D14: Tutoriel ou logiciels de référence | E14: D | F14: Preuve du calcul
B15: Choix | C15: Organiser sur le domaine ou participer à des activités oenotouristiques locales. | E15: V + E
B16: Choix | C16: Calculer les marges brutes à l'échelle de l'exploitation (/ha ou /kg). | D16: Tutoriel ou logiciels de référence | E16: D | F16: Preuve du calcul
B17: Choix | C17: Avoir renouvelé au moins 5% des surfaces dans les 5 dernières années. | E17: E
B18: Choix | C18: Utiliser ou mettre à disposition des machines et outils inter-entreprises. | D18: CUMA, FarmX, autre système ou association de partage de machines… | E18: E
A20: ENVIRONNEMENT | G20: ENVIRO.
B21: Base | C21: Utiliser uniquement des fongicides neutres pour les typhlodromes (exception: soufre poudre en curatif) | D21: Document support: Index Phyto Agroscope | E21: D | F21: Journal d'exploitation | G21: ENVIRO.
B22: Base | C22: Mettre en place un Témoin Non Traité sur au moins 15 souches. Cette zone doit être en place toute la saison. | D22: Afin d'éviter d'affaiblir les ceps, il est recommandé de changer de place chaque année. | E22: V | G22: ENVIRO.
B23: Base | C23: Être en mesure de présenter un document avec identification des zones "sensibles" de son vignoble : biotopes, forêts, eaux de surface, zones résidentielles, ... | D23: Exemple de croquis "zones à risque", tableau avec liste de parcelles et objets à protéger | E23: D | F23: Cartographie, dessin ou liste de parcelles avec zones à risque identifiées | G23: ENVIRO.
B24: Base | C24: Respecter 7% de Surfaces de Promotion de la Biodiversité sur la SAU viticole, hors pépinières. | E24: D | F24: Liste des parcelles et catégorie | G24: ENVIRO.
B25: Base | C25: N’appliquer aucun herbicide avec des appareils entrainant des risques de dérive (guns, atomiseurs). Aucun herbicide n'est appliqué sur les tournières excepté en traitement plante par plante contre les néophytes envahissantes. | D25: Sites ressources: www.infoflora.ch/fr/neophytes/listes-et-fiches.html https://www.agrinatur.ch/fr/conseils/neophytes https://themes.agripedia.ch/wp-content/uploads/2023/02/Problempflanzen_F_22_Tabelle-Leitfaden_kkr.pdf | E25: V | G25: ENVIRO.
B26: Base | C26: Réaliser un calcul d'émissions de carbone. Périodicité : 8 ans. | D26: Liste d'outils gratuits (ou non) + demander date du calcul dans le formulaire de contrôle. | E26: D | F26: Preuve du calcul | G26: ENVIRO.
B27: Choix | C27: Installer au moins une "petite structure biodiversité" par hectare en moyenne. | D27: Liste des structures éligibles sur Agrinatur.ch, page « petites structures ». Site ressource: www.agrinatur.ch/fr/conseils/petites-structures | E27: V + D | F27: Carte, schéma ou liste des structures
B28: Choix | C28: Réaliser un audit biodiversité sur son exploitation (via biologiste ou bureau d'étude) pour identifier des pistes d'amélioration grâce à un plan d'actions. Date de l’audit : ___________ | E28: D | F28: Preuve de l'audit
B29: Choix | C29: En cas d'apport foliaire, fournir une analyse d'azote assimilable (de moins de 5 ans) pour les raisins de la parcelle ou les moûts issus des raisins de la parcelle (ou groupe de parcelles concernées). | E29: D | F29: Bilan de fumure et analyse d'azote assimilable
B30: Choix | C30: Si lors de l'analyse de sol obligatoire (PER), le rapport MO/A indique "potentiel fourniture d'azote faible" selon PRIF 2017 (Tableau 3): apporter un amendement organique ou enherber à plus de 50% la parcelle pour augmenter la matière organique et le carbone stocké. | D30: Lien vers le tableau PRIF évoqué | E30: V + D + E | F30: Analyse de sol + factures
B31: Choix | C31: N’utiliser aucun herbicide du 1er septembre à mi-mars. | E31: D | F31: Journal d'exploitation
B32: Choix | C32: N’utiliser aucun herbicide racinaire. Exception tolérée en cas d’adventices résistantes au glyphosate reconnues. | D32: Carte des résistances reconnues: https://www.agroscope.admin.ch/agroscope/fr/home/themes/production-vegetale/protection-vegetaux/herbologie/resistance-herbicides.html | E32: D | F32: Journal d'exploitation
B33: Choix | C33: Couvrir toute l'année, de façon permanente, 70% des surfaces en production : désherbage chimique ou mécanique uniquement sous les rangs, excepté pour les jeunes vignes de moins de 3 ans. | D33: Cf. contribution fédérale au système de production : « Couverture appropriée du sol ». | E33: V + D | F33: Inscription à la contribution
B34: Choix | C34: Plus de 50% des surfaces irriguées le sont avec un système de goutte à goutte. | D34: NB : mesure valable uniquement si un système d'irrigation est en place. | E34: V + D | F34: Liste des parcelles et système d'irrigation
B35: Choix | C35: Si l'irrigation est nécessaire : enregistrer les apports (dates et quantités). | E35: D | F35: Enregistrement des apports
B36: Choix | C36: Utiliser uniquement des plants traités à l'eau chaude pour les plantations, les remplacement et/ou les surgreffages de l'année. | E36: D | F36: Factures pépiniéristes
B37: Choix | C37: Appliquer uniquement des produits fongicides, insecticides, acaricides autorisés en bio, à partir du stade "grain de plomb" (BBCH73), sur toutes les parcelles. Maximum de Cuivre métal : 1.5 kg Cu/ha. NB : choix annuel en fonction du millésime | D37: Cf. contribution fédérale au système de production : « Non-recours aux insecticides, aux acaricides et aux fongicides dans les cultures pérennes après la floraison ». | E37: D | F37: Journal d'exploitation
B38: Choix | C38: Utiliser en moyenne moins de 3 kg Cu métal /ha/an à l'échelle de l'exploitation (sans lissage pluriannuel). | E38: D | F38: Journal d'exploitation
A41: ŒNOLOGIE | G41: OENO.
B42: Base | C42: Pour utiliser la mention "Vin Suisse Durable", au minimum 85% des raisins sont issus d’entreprises inscrites dans la démarche Vin Suisse Durable. Les 15% restants peuvent être issus d’exploitations respectant a minima les Prestations Ecologiques Requises. 100% des raisins doivent être d'origine suisse (ne concerne pas les intrants). | E42: D | F42: Traçabilité cave CSCV | G42: OENO.
B43: Base | C43: Compléter la fiche pratique R0 "autodiagnostic pour les entreprises vinicoles" du Guide des Bonnes Pratiques d'Elaboration du Vin (USOE) basée sur la méthode HACCP (Hazard Analysis Critical Control Point)) ou appliquer une démarche HACCP équivalente reprenant au moins les points de la fiche R0. | D43: Fiche pratique R0 | E43: D | F43: Fiche R0 ou démarche HACCP équivalente | G43: OENO.
B44: Base | C44: Utiliser des bouteilles de 600 g maximum pour 75 cl ou du verre circulant. Des exceptions peuvent être tolérées pour des formats spécifiques utilisés à l'échelle régionale ou les effervescents. | E44: D | F44: Spécification bouteilles avec VSD | G44: OENO.
B45: Base | C45: N’utiliser aucun produit à base de chlore pour le nettoyage. NB : exception possible pour les procédés ou machines nécessitant impérativement ce produit (à justifier). | E45: V + D + E | F45: Discussion, local de stockage et/ou plan de nettoyage | G45: OENO.
B46: Base | C46: Identifier, via une analyse de risque, les zones pouvant retenir le CO2 (document, liste ou plan) et équiper toutes les zones à risque de moyens techniques diminuant fortement ce risque. | D46: Exemples: systèmes d'extraction, appareils de mesure fixes ou portatifs, affichage clair et limitation d'accès. | E46: V + D | F46: Analyse de risque et visite | G46: OENO.
B47: Choix | C47: Envoyer au moins un échantillon représentatif du volume de vin labelisé Vin Suisse Durable à la "plateforme résidus" pour analyse des résidus chaque année. La cave se détermine sur les résultats et sur d'éventuelles actions à entreprendre afin de baisser la quantité de résidus. | D47: Page "plateforme résidus": https://pro.swisswine.com/fr/vitiswiss-plateforme-residus-de-produits-phytosanitaires | E47: D + E | F47: Retour d'analyse et discussion des résultats
B48: Choix | C48: Effectuer des débourbages peu énergivores (statique, enzymatique, flottation). | E48: V + E
B49: Choix | C49: Être en mesure de présenter un plan de gestion des bourbes et des lies. | D49: Exemples: valorisation par la filtration, le solde évacué par compostage local ou en déchetterie / Mise en place d'un système de stockage temporaire des effluents vinicoles pour éviter une surcharge des stations d'épuration (STEP) aux vendanges en collaboration avec la STEP / Traitement des effluents vinicoles effectué entièrement sur place (aucun rejet à la STEP) | E49: V + E
B50: Choix | C50: Utiliser l’eau de façon efficace pour les nettoyages. | D50: Exemples: Utilisation d'un système de haute pression, tuyaux munis de dispositifs d'arrêt automatique, brosses rotatives + pression pour les sols, obus à air comprimé pour les tuyaux, buses avec éponges, séparation des eaux de rinçage. | E50: V + E
B51: Choix | C51: Ne pas réguler la température de cuve par ruissellement d'eau (refroidissement). | E51: V + E
B52: Choix | C52: Garantir qu’une part majoritaire de l'énergie provient de sources renouvelables. | D52: Concerne l'eau, l'electricité, le gaz et le mazout. | E52: V + D | F52: Facture d'energie
B53: Choix | C53: Installer des compteurs d'énergie (électricité, gaz, eau, huile de chauffage) dédiés à la cave. Les consommations annuelles sont suivies et des mesures sont mises en place pour les diminuer. | D53: Guide de mesures | E53: V + D + E | F53: Tableau de suivi des consommations et identification des mesures mises en place et délais
B54: Choix | C54: Si les analyses de SO₂ sont réalisées à l'interne, chaque année, comparer au moins un échantillon de vin à un essai inter-laboratoires afin de vérifier la fiabilité des mesures. Le SO₂ moléculaire est utilisé comme référence pour le contrôle microbiologique. | D54: Guide de dosage du SO2 en fonction du pH (en cours d'élaboration) | E54: D | F54: Retour d'analyse et discussion des résultats
B55: Choix | C55: Utiliser une majorité de fûts en bois labellisé, local ou d'occasion (labels FSC ou PEFC). | D55: Evaluation 4 années après le début de la mesure | E55: D | F55: Factures d'achat + inventaire
B56: Choix | C56: Mettre en place d'un système de récupération du CO2 issu des fermentations et valorisation du CO2 capturé. | E56: V
B57: Choix | C57: Suivre de façon régulière la situation microbiologique des installations ou des vins. La cave s'est déterminée sur les résultats et sur d'éventuelles actions à entreprendre afin d'améliorer la situation. | D57: Exemple: analyse microbiologique annuelle des vins, suivi ATPmétrique des surfaces… | E57: D + E | F57: Retour d'analyse et discussion des résultats

Sheet DBase
A1: Certifications reconnues
A2: Etat au 19/02/2026
B4: SOCIAL | D4: ECONOMIE | F4: ENVIRONNEMENT | H4: ŒNOLOGIE
B5: BioSuisse-Bourgeon | C5: #VALUE! | F5: IPSuisse | G5: #VALUE!
B6: RSE | C6: #VALUE! | F6: Ordonnance Bio = Bio Fédéral | G6: #VALUE!
F7: BioSuisse-Bourgeon | G7: #VALUE!
F8: Demeter | G8: #VALUE!
F9: Yvorne Grandeur Nature | G9: #VALUE!
F10: VITISWISS 2025 | G10: #VALUE!

Sheet Liste_mesures_28-10-25
B1: Catégorie | C1: Description | D1: Précisions, exemples et documents ressources | E1: Etat d'avancement (Epo), questions restantes | F1: Contributions financières possibles | G1: Moyen de contrôle (Visuel; Documentaire; Entretien oral) | H1: Documents à préparer pour l'entreprise controlée
A2: SOCIAL
B3: Base | C3: Sensibiliser et informer tout nouvel employé permanent sur la gestion raisonnée des énergies, la manipulation sécurisée des produits chimiques, la protection des eaux, les risques liés à l'utilisation des machines. | D3: Modèle de document à signer | E3: 1ère version du document disponible EPo: OK pour petite structure mais qu'en est-il des grandes caves? Les contrôleurs devront vérifier la liste des employés permanents + fiches signées? --> Proposition: Prouver qu'ils ont évoqué le sujet en séance avec signatures des présences | G3: D | H3: Document modèle ou autre
B4: Base | C4: Participer à un événement de formation continue par an (minimum une demi-journée) | D4: Possibilité de faire compter les cours suivis dans le cadre du renouvellement du permis de traiter | G4: D | H4: Attestation de suivi
B5: Choix | C5: Proposer un questionnaire annuel d'évaluation du bien-être des salariés et identifier des pistes d'amélioration. | E5: Proposer un modèle? Attention à la faisabilité dans grande entreprise… Demander preuve qu'il existe des entretiens périodiques… | G5: D | H5: Document signé
B6: Choix | C6: Proposer des salaires supérieurs de 5% par rapport aux références de salaires indicatifs publiés annuellement par l'USP+USPF+ABLA (pour le personnel fixe) | E6: Difficile à contrôler | G6: D
B7: Choix | C7: Avoir fait participer ses ouvriers permanents ou collaborateurs à une demi-journée de formation. | G7: D | H7: Attestation de suivi
B8: Choix | C8: Accueillir un apprenti ou un stagiaire sur l'exploitation | G8: E ou V
B9: Choix | C9: (pour les exploitations avec activité viticole): N'utiliser aucun produit de classe 3 (protection de l'utilisateur) dans le programme de traitement (sauf soufre poudre et mycosin). | D9: Voir colonne "PU" de l'index phyto. | E9: Epo: est-ce qu'une liste de produits dangereux à la cave existe également? --> a priori pourrait être une demande pour la CT Oeno | G9: D | H9: Programme de traitement
B10: Choix | C10: Avoir participé à DEUX événements de formation continue (deux demi-journées). | G10: D | H10: Attestation de suivi
B11: Choix | C11: Afficher la procédure de sécurité et les numéros d'urgence, avoir une trousse de premiers soins à disposition. | E11: Epo: Déjà rempli par quasi tous les répondants "exploitations pilote"… est ce utile de garder cette mesure? | G11: V
B12: Choix | C12: Fournir à tout opérateur le matériel et les équipements de protection individuelle (EPI) nécessaires, adaptés aux travaux effectués et aux risques encourus. | E12: Epo: Déjà rempli par quasi tous les répondants "exploitations pilote"… est ce utile de garder cette mesure? | G12: V
B13: Choix | C13: Sensibiliser et informer tout nouvel employé saisonnier sur la gestion raisonnée des énergies, la manipulation sécurisée des produits chimiques, la protection des eaux, les risques liés à l'utilisation des machines. | D13: Modèle de document à signer | E13: 1ère version du document disponible | G13: D | H13: Document modèle ou autre
B14: Choix | C14: _pour les exploitations avec activité viticole_ Mettre en place d'une zone d'essai (thématiques possibles: protection phytosanitaire, enherbement, nutrition) en collaboration avec des organismes de recherche, de vulgarisation, des offices cantonaux, des institutions d'enseignement pour suivi et partage des connaissances. Tester un nouvel outil ou machine et proposer une démonstration pour les collègues. | D14: Objectif: innover et partager les enseignements d'essais individuels | G14: V
B15: Choix | C15: Un treizième salaire est prévu pour les employés permanents. | E15: Epo: mesure et formulation à faire valider | G15: D
A17: ECONOMIE
B18: Base | C18: Analyse stratégique de l'entreprise type SWOT (identification des forces, faiblesses, opportunités et menaces de l'entreprise). | D18: Modèle de document avec des questions dans les 4 cases (validité 4 ans) | E18: 1ère version dispo | G18: D
B19: Base | C19: Organiser sur le domaine ou participer à des activités oenotouristiques locales. | G19: E
B20: Choix | C20: Utiliser ou mettre à disposition des machines et outils inter-entreprises. | D20: CUMA, FarmX, autre système ou association de partage de machines… | G20: E
B21: Choix | C21: Avoir calculé les flux de trésorerie sur les 3 dernières années. | D21: Tutoriel ou logiciels de référence | E21: 1ère version dispo (à faire valider par expert!) | G21: D
B22: Choix | C22: Calculer ses coûts de production et identifier des pistes d'amélioration (niveau 1) | D22: Liste d'outils à disposition (ex. logiciel Winbiz/ reseau-lution /...) | E22: 1ère version de liste ok - A TESTER | G22: D
B23: Choix | C23: Calculer les marges brutes à l'échelle de l'exploitation (/ha ou /kg) | D23: Tutoriel ou logiciels de référence | E23: 1ère version dispo (à faire valider par expert!) | G23: D
B24: Choix | C24: Avoir réalisé une projection des flux de trésorerie sur les 2 prochaines années | D24: Tutoriel ou logiciels de référence | G24: D
B25: Choix | C25: Réaliser un audit pour transmission de son exploitation 10 ans avant l'âge de départ à la retraite et un plan d'actions si nécessaire | G25: D
B26: Choix | C26: Calculer les coûts de production détaillés par cépage/lieu de production (niveau 2) | E26: éventuellement à supprimer et garder pour un prochain cycle de mesures à choix | G26: D
B27: Choix | C27: Calculer la valeur de rendement | G27: D
B28: Choix | C28: Elaborer un rapport d'analyse de risques (financiers, perte de récolte, marché, technique, main d'œuvre) | D28: Tutoriel ou outils de référence | E28: A FAIRE | G28: D
B29: Choix | C29: 5% des surfaces ont été renouvelées dans les 5 dernières années | G29: E
B30: Choix | C30: Diversification des productions sur l'exploitation (jus de raisin, bière, distillerie, sirops, huile, farines, plantes médicinales, viandes et/ou œufs…) | E30: supprimer et voir si données comme mesure "libre" à choix | G30: E
A32: ENVIRONNEMENT
B33: Base PPh | C33: Utiliser uniquement des fongicides neutres pour les typhlodromes (exception: soufre poudre en curatif) | D33: Document support: Index Phyto Agroscope | G33: D | H33: journal d'exploitation
B34: Base PPh | C34: Mettre en place un Témoin Non Traité sur au moins 15 souches. Cette zone doit être en place toute la saison. Afin d'éviter d'affaiblir les ceps, il est recommandé de changer de place chaque année. | E34: mettre à disposition des panneaux de communication | G34: V
B35: Base | C35: Eliminer les ceps touchés par l'Esca ou l'Eutypiose. Evacuer les souches mortes lors d'un arrachage. | E35: Déjà rempli par tous les répondants "exploitations pilote"… est ce utile de garder cette mesure? | G35: V
B36: Base PPh | C36: Etre en mesure de présenter un document avec les zones "sensibles" de son vignoble identifiées: proches biotopes, forêts, eaux de surface, grilles ou collecteurs ouverts, zones résidentielles, zones de protection des eaux.... | D36: Exemple de croquis "zones à risque" ou tableau avec liste de parcelles et objets à protéger | E36: A FAIRE Remarques : Démarche obligatoire pour mettre en place les mesures anti-dérive/ruissellement et respecter les ZNT. | G36: D | H36: cartographie, dessin ou liste de parcelles concernées…
B37: Base Bdv | C37: Respecter 7% de Surfaces de Promotion de la Biodiversité sur la SAU viticole, hors pépinières. | G37: D
B38: Base Her | C38: Aucune application d'herbicides avec des appareils entrainant des risques de dérive (guns, atomiseurs). Aucun herbicide n'est appliqué sur les tournières excepté en traitement plante par plante contre les néophytes envahissantes. | D38: Sites ressources: www.infoflora.ch/fr/neophytes/listes-et-fiches.html https://www.agrinatur.ch/fr/conseils/neophytes https://themes.agripedia.ch/wp-content/uploads/2023/02/Problempflanzen_F_22_Tabelle-Leitfaden_kkr.pdf | G38: V
B39: Base Her | C39: Aucun herbicide racinaire n'est utilisé dans les jeunes vignes (de moins de 3 ans). | E39: Déjà rempli par quasi tous les répondants "exploitations pilote"… est ce utile de garder cette mesure? | G39: ?
B40: Base Fum | C40: Apporter l'azote minéral au sol qu'entre débourrement et fin juin. | E40: Déjà rempli par quasi tous les répondants "exploitations pilote"… est ce utile de garder cette mesure? | G40: D
B41: Base Car | C41: Réaliser un calcul d'émissions de carbone (ou Réaliser un bilan carbone et mettre en place un plan d’action). Périodicité : 6 ans. | D41: Liste d'outils gratuits (ou non) + demander date du calcul dans le formulaire de contrôle. | E41: LISTE OUTILS à FAIRE Remarques CT viti: Parler plutôt d’empreinte ou de bilan carbone plutôt qu’un calcul d’émission. Tient non seulement compte des émissions mais aussi de la séquestration. Mesure au niveau de la vigne. Si le bilan est réalisé au niveau de l’exploitation (y.c. cave), il devrait être aussi comptabilisée dans la cave comme mesure à choix. Un plan d’action en plus d’une analyse de situation est à encourager. Si des outils adaptés ne sont pas disponibles dans les trois langues nationales, cela devrait être une mesure à choix. Remarque EPo: - choix de "emissions" car + simple et + d'outils à disposition. Côté sequestration beaucoup plus lourd et long à évaluer. C'est pour ça que "emissions: mesure obligatoire" et "bilan: mesure à choix" -même si les plans d'actions sont actuellement sur 6 ans, proposer 8 ans ici pour correspondre à 2 périodes de contrôle. | G41: D
B42: Choix Bdv | C42: Présence d'au moins une "petite structure biodiversité" par hectare en moyenne. Liste des structures éligibles: voir fiche SVBN Q2 + tas de pierres + tas de branches + arbre mort + structures pour abeilles sauvages. | D42: Site ressource: www.agrinatur.ch/fr/conseils/petites-structures | G42: D+V
B43: Choix Bdv | C43: Respecter 10% de Surfaces de Promotion de la Biodiversité sur la SAU viticole, hors pépinières. | G43: D
B44: Choix Bdv | C44: Avoir au moins 3 types de SPB différentes sur son exploitation. | D44: Site ressource: www.agrinatur.ch/fr/spb | G44: D
B45: Choix Bdv | C45: Réaliser un audit Biodiversité sur son exploitation (par biologiste ou bureau d'étude) pour identifier des pistes d'amélioration avec un plan d'actions (valable pour 8 ans) Demander la date de l'audit dans le formulaire d'auto-évaluation. | E45: Remarques CT viti: le coût pourrait être un frein. Mesure prévue dans le cadre de la contribution de la biodiversité régionale et de la qualité du paysage, appelée à remplacer les deux contributions éponymes. A déplacer éventuellement dans les exigences de base ? | G45: D
B46: Choix Fum | C46: Equilibrer la fumure également sur K et Mg (Max K2O: 75, max Mg: 25) | G46: D | H46: bilan de fumure
B47: Choix Fum | C47: En cas d'apport foliaire, fournir une analyse d'azote assimilable (de moins de 5 ans) pour les raisins de la parcelle ou les moûts issus des raisins de la parcelle (ou groupe de parcelles concernées) | G47: D
B48: Choix Fum | C48: Si lors de l'analyse de sol obligatoire (PER), le rapport MO/A indique "potentiel fourniture d'azote faible" selon PRIF 2017 (Tableau 3): apport amendement organique ou enherbement à plus de 50% de la parcelle pour augmenter la matière organique et le carbone stocké. | G48: D
B49: Choix Fum | C49: Plus d'un tiers des besoins de l'année N-1 sont couverts avec des amendements ou des engrais organiques. | G49: D
B50: Choix Her | C50: Aucun herbicide n'est utilisé du 1er septembre à mi-mars. | G50: D
B51: Choix Her | C51: N'utiliser aucun herbicide racinaire (sauf cas de populations résistantes au glyphosate reconnues) | D51: Carte des résistances reconnues: https://www.agroscope.admin.ch/agroscope/fr/home/themes/production-vegetale/protection-vegetaux/herbologie/resistance-herbicides.html | G51: D
B52: Choix Her | C52: Couvrir toute l'année de façon permanente 70% des surfaces en production (désherbage chimique ou mécanique uniquement sous les rangs; excepté pour les jeunes vignes de moins de 3 ans). | F52: csp 600chf/ha | G52: V+D (si inscription à la CSP)
B53: Choix Irr | C53: Plus de 50% des surfaces irriguées le sont avec un système de goutte à goutte. | E53: Remarques CT viti: Mesure ambitieuse pour le VS, même si le gàg tend à se démocratiser et que le canton soutient financièrement sa mise en place (projet Vignoble du 21e siècle portant jusqu’en 2039). EPo: Selon enquête exploitations pilote: mesure envisageable | G53: D+V
B54: Choix Irr | C54: Si l'irrigation est nécessaire: enregistrement des apports | E54: Remarques CT viti: Même si les PER ne l’exige pas explicitement, cette information doit déjà être saisie dans le cahier d’exploitation. Il faudrait plutôt introduire cette obligation dans le chapitre 1.1 des PER. | G54: D
B55: Choix Irr | C55: Système de récupération d'eau de pluie et utilisation pour les traitements ou nettoyage pulvé/machines | E55: Remarques CT viti: Si on maintient cette mesure, il faudra donner un volume minimal de réservoir de récupération. Pour l’utilisation en pulvérisation, il faut bien filtrer son eau pour éviter de boucher les buses. C’est un investissement assez considérable pour finalement une économie d’eau assez modeste si on la compare avec l’eau d’irrigation ou l’eau utilisée en cave. Assez difficile à mettre en place ou apporter des précisions ! | G55: V
B56: Choix JV | C56: Utiliser uniquement des plants traités à l'eau chaude pour les plantations, les remplacement et/ou les surgreffages de l'année. | E56: Déjà rempli par quasi tous les répondants "exploitations pilote"… mettre en mesure de base? | G56: D
B57: Choix JV | C57: Avoir planté des cépages robustes (=résistants) l'année même ou l'année précédente (surface minimale?) ou avoir au minimum 5% de cépages robustes sur l’exploitation. | E57: Remarque CT viti: Pour un producteur de raisin, cette mesure est difficile à mettre en place, sachant qu’il ré-encépage ses vignes en fonction des besoins de son acheteur de vendange. Elle est possible pour une cave ou un vigneron-encaveur. Epo: plutôt dans "Choix PPH"? | F57: aides AF | G57: D
B58: Choix JV | C58: La surface des jeunes vignes (< 3 ans) est couverte à au moins 50% toute l'année. | E58: Remarques CT viti: Si le cavaillon et un interligne sur deux est désherbé, la surface couverte toute l’année est inférieure à 50% pour les distances interlignes usuelles en VS. De manière générale, la gestion des adventices dans les jeunes vignes est souvent un challenge. | G58: V
B59: Choix PPh | C59: N'appliquer aucun traitement spécifique anti-botrytis à l'échelle de l'exploitation. | G59: D
B60: Choix PPh | C60: Suivre le programme "fin de saison en bio" sur une parcelle: à partir du stade "grain de plomb", appliquer uniquement des produits autorisés en bio. Maximum: 1.5kgCu/ha (idem mesure CSP). | E60: CT viti: Remarques : Définir une échelle. Parcelle ? % de la surface viticole ? de l’exploitation ? Epo: je ne metterais pas la limite de 1.5kg Cu/ha car cela pourrait être une mesure respectée systématiquement par les cultures en bio. On pourrait mettre " sur au moins 25% des parcelles en production" (ou moins si on garde 1.5kgCu/ha) | F60: csp si <1.5kg/cu | G60: D
B61: Choix PPh | C61: Utiliser en moyenne moins de 3 kg Cu/ha/an à l'exploitation (sans lissage pluriannuel). | G61: D
B62: Choix PPh | C62: Suivre un programme de traitement "bio" sur toute la saison sur une parcelle (NB: concerne uniquement les produits de protection, possibilité d'utiliser herbicides et/ou engrais minéraux). | E62: Epo: sur une surface de 10 ares au moins? | G62: D
A64: ŒNOLOGIE
B65: Base | C65: Pour une cuvée "Vin Suisse Durable", minimum 85% des raisins sont VSD. Le 15% restant ne doit pas obligatoirement être certifié VSD. | G65: D
B66: Base | C66: La fiche pratique R0 "autodiagnostic pour les entreprises vinicoles" du Guide des Bonnes Pratiques d'Elaboration du Vin (USOE) est remplie (basée sur la méthode HACCP (Hazard Analysis Critical Control Point)) ou une démarche HACCP équivalente reprenant au moins les points de la fiche RO est appliquée. | D66: Fiche pratique R0 | G66: D
B67: Base | C67: Utilisation de bouteilles de 600g maximum pour 75 cl ou de verre circulant. Des exceptions peuvent être tolérées pour des cuvées spécifiques ou les effervescents. | G67: E+D
B68: Base | C68: Aucune utilisation de produits à base de chlore pour le nettoyage. | G68: E? + V
B69: Base | C69: Les zones pouvant retenir le CO2 ont été identifiées via une analyse de risque. Sur cette base, toutes les zones à risque sont équipées de moyens techniques diminuant fortement le risque. | D69: Exemples: systèmes d'extraction, d'appreils de mesure fixes ou portatifs. | G69: D
B70: Choix | C70: Conception de la cave autorisant des transferts par voie gravitaire. | G70: V
B71: Choix | C71: Au moins un échantillon représentatif du volume de vin VSD a été envoyé à la "plateforme résidus" pour analyse des résidus l'année en cours. La cave s'est déterminée sur les résultats et sur d'éventuelles actions à entreprendre afin de baisser la quantité de résidus. | G71: D
B72: Choix | C72: Effectuer des débourbages peu énergivores (statique, enzymatique, flottation). | G72: V?
B73: Choix | C73: Présence d'un plan de gestion des bourbes et des lies (Valorisation par la filtration, le solde évacué par compostage local ou en déchetterie / Mise en place d'un système de stockage temporaire des effluents vinicoles pour éviter une surcharge des stations d'épuration (STEP) aux vendanges en collaboration avec la STEP / Traitement des effluents vinicoles effectué entièrement sur place (aucun rejet à la STEP)). | G73: D
B74: Choix | C74: Utilisation efficace de l'eau pour les nettoyages | D74: Exemples: Utilisation d'un système de haute pression, tuyaux munis de dispositifs d'arrêt automatique, brosses rotatives + pression pour les sols, obus à air comprimé pour les tuyaux, buses avec éponges, séparation des eaux de rinçage. | E74: Epo: Est-ce que validé dès que une mesure en place ou que toutes sont en place? | G74: V
B75: Choix | C75: Tous les éclairages sont de type LED. | G75: E+V
B76: Choix | C76: Aucune température de cuve n'est régulée par ruissellement d'eau (refroidissement). | G76: V
B77: Choix | C77: Une part majoritaire de l'énergie provient de ressources renouvelables. | G77: E+V?
B78: Choix | C78: Des compteurs d'énergie (électricité, gaz, eau, huile de chauffage) dédiés à la cave sont installés. Les consommations annuelles sont suivies et des mesures sont mises en place pour les diminuer. | G78: V
B79: Choix | C79: "La véracité des résultats d'analyses de SO2 est vérifiée via des solutions de références ou des tests interlaboratoires. Le dosage du SO2 se fait en fonction du pH du vin …" | E79: CT: la formulation doit être retravaillée par la sous-commission | G79: D
B80: Choix | C80: Contrôle par ATPmétrie ou microbiologie de la qualité du nettoyage. | G80: E+V?
B81: Choix | C81: Mise en place d'un système de valorisation du tartre. | E81: CT: A voir si système très démocratisé. Ne concerne a priori que les très grosses structures (Cave La Côte --> export pour utilisation dans les cosmétiques) | G81: V
B82: Choix | C82: Toutes les conduites utilisées pour la circulation de fluides chauds ou froids sont calorifugées. | G82: V
B83: Choix | C83: Il existe des systèmes de récupération de chaleur selon les synergies possibles dans la cave. | D83: Exemple: récupération de chaleur sur les groupes de froid | G83: V
B84: Choix | C84: Effectuer un bilan thermique de l'installation complète (dimensionner les moyens et puissances de production) | D84: Exemple: Audit CECB | G84: D
B85: Choix | C85: Utilisation d'une majorité de fûts en bois labellisé, local ou d'occasion (labels FSC ou PEFC) | G85: D+V
B86: Choix | C86: Utilisation de fournisseurs de services informatiques durables. | D86: Liste d'outils à disposition au niveau national (ex.: e-durable, Infomaniak,...) | E86: A FAIRE | G86: D
B87: Choix | C87: Mise en place d'un système de récupération du CO2 issu des fermentations et valorisation du CO2 capturé. | G87: V
B88: Choix | C88: Au moins un échantillon représentatif du volume de vin VSD embouteillé a été envoyé pour analyse microbiologique l'année en cours. La cave s'est déterminée sur les résultats et sur des eventuelles actions à entreprendre afin d'améliorer la situation. | G88: D
